 Dungeon Crawl Stone Soup version 0.31-a0-1009-g454b1f1e0a (webtiles) character file.

Game seed: 16320526263800615154

2005402 GenialerGandalf the Conqueror (level 27, 172/218 HPs)
             Began as a Hill Orc Fighter on Nov 13, 2023.
             Was the Champion of Beogh.
             Escaped with the Orb
             ... and 4 runes on Nov 14, 2023!
             The game lasted 09:45:14 (88695 turns).

GenialerGandalf the Conqueror (Hill Orc Fighter)   Turns: 88695, Time: 09:45:14

Health: 172/218    AC: 46    Str: 31    XL:     27
Magic:  34/34      EV: 12    Int: 11    God:    Beogh [******]
Gold:   6602       SH: 26    Dex: 10    Spells: 25/26 levels left

rFire   + + +        m - +9 broad axe (freeze)
rCold   + + .        Z - +0 tower shield
rNeg    + . .        R - +10 gold dragon scales
rPois   +            D - +2 hat of the Bear Spirit {Spirit, Bear, *Rage Will++}
rElec   +            v - +1 cloak {Will+}
rCorr   +            e - +1 pair of gloves
SInv    +            z - +4 pair of boots of the Vanishing Dances {rF+ Will+ Int+3}
Will    +++++        p - amulet of reflection Stlth
                     C - ring of Qeott {rC+ rN+ rCorr}
HPRegen 0.56/turn    s - ring of Kotaoze {rElec rPois rF+ SInv Stlth+}
MPRegen 0.24/turn

%: random rage (20%), reflection, guardian spirit
@: no status effects
A: walk on water, antennae 1, deformed body, frail 2, strong-willed 1, shaggy
fur 1, weak 1, MP-powered wands
0: Orb of Zot
}: 4/15 runes: barnacled, slimy, silver, gossamer
a: Renounce Religion, Smiting, Recall Orcish Followers, Give Item to Named
Follower, Resurrection


You escaped.
You worshipped Beogh.
Beogh was exalted by your worship.
You visited 12 branches of the dungeon, and saw 56 of its levels.
You also visited: Volcano.

You collected 8955 gold pieces.
You spent 2353 gold pieces at shops.

Inventory:

Hand Weapons
 m - a +9 broad axe of freezing (weapon)
 t - the +9 shortbow "Oroacsas" {freeze, rPois Int-4 Dex+2 SInv}
   (You found it on level 5 of the Pits of Slime)

   Int-4:     It affects your intelligence (-4).
   Dex+2:     It affects your dexterity (+2).
   rPois:     It protects you from poison SInv: It lets you see invisible.
 H - the +6 flail "Jigrill" {spect, rPois rF++ rC++}
   (You found it on level 3 of the Depths)

   rF++:      It greatly protects you from fire.
   rC++:      It greatly protects you from cold.
   rPois:     It protects you from poison
 I - a +7 eveningstar of venom
Missiles
 M - 2 throwing nets
Armour
 e - a +1 pair of gloves (worn)
 h - a +2 cloak
 v - a +1 cloak of willpower (worn)
 z - the +4 pair of boots of the Vanishing Dances (worn) {rF+ Will+ Int+3}
   (You acquired it on level 2 of the Crypt)

   Int+3:     It affects your intelligence (+3).
   rF+:       It protects you from fire.
   Will+:     It increases your willpower.
 B - +0 gold dragon scales
 D - the +2 hat of the Bear Spirit (worn) {Spirit, Bear, *Rage Will++}
   (You found it on level 1 of the Vaults)

   Bear:      Going berserk makes the wearer exceptionally tough, and they are
   slowed for a shorter time afterward.
   Will++:    It greatly increases your willpower.
   *Rage:     It berserks you when you make melee attacks (+20% chance).
 Q - the +1 crystal plate armour of an ossuary {Str+2}
   (You acquired it on level 2 of the Vaults)

   Str+2:     It affects your strength (+2).
 R - +10 gold dragon scales (worn)
 V - the +5 pair of boots "Hozul" {Fly rC+ MP+9 Str-3}
   (You found it on level 2 of the Vaults)

   Str-3:     It affects your strength (-3).
   rC+:       It protects you from cold.
   MP+9:      It affects your magic capacity (+9).
   Fly:       It grants you flight.
 Z - a +0 tower shield (worn)
Jewellery
 a - the amulet "Kilok" {RegenMP rN+ Int+3}
   (You found it on level 5 of the Pits of Slime)

   [amulet of magic regeneration]

   RegenMP:   It increases your rate of magic regeneration.
   Int+3:     It affects your intelligence (+3).
   rN+:       It protects you from negative energy.
 p - an amulet of reflection (around neck)
 s - the ring of Kotaoze (right hand) {rElec rPois rF+ SInv Stlth+}
   (You found it on level 5 of the Lair of Beasts)

   [ring of protection from fire]

   rF+:       It protects you from fire.
   rElec:     It insulates you from electricity.
   rPois:     It protects you from poison SInv: It lets you see invisible.
   Stlth+:    It makes you more stealthy.
 x - the ring "Herood" {rC++ rCorr Dex-4 SInv}
   (You found it on level 5 of the Dungeon)

   [ring of resist corrosion]

   Dex-4:     It affects your dexterity (-4).
   rC++:      It greatly protects you from cold.
   SInv:      It lets you see invisible.
   rCorr:     It protects you from acid and corrosion.
 C - the ring of Qeott (left hand) {rC+ rN+ rCorr}
   (You found it on level 2 of the Crypt)

   [ring of protection from cold]

   rC+:       It protects you from cold.
   rN+:       It protects you from negative energy.
   rCorr:     It protects you from acid and corrosion.
 X - the ring "Upluneut" {rF++ Will+ rCorr}
   (You found it on level 4 of the Depths)

   [ring of resist corrosion]

   rF++:      It greatly protects you from fire.
   Will+:     It increases your willpower.
   rCorr:     It protects you from acid and corrosion.
Wands
 d - a wand of polymorph (9)
 q - a wand of roots (55)
 w - a wand of mindburst (65)
 K - a wand of quicksilver (29)
 O - a wand of digging (14)
Scrolls
 b - 2 scrolls of blinking
 c - 5 scrolls of vulnerability
 j - 2 scrolls of revelation
 k - 4 scrolls of summoning
 r - 2 scrolls of brand weapon
 y - a scroll of enchant armour
 F - 10 scrolls of fog
 L - 5 scrolls of teleportation
 P - 9 scrolls of poison
 U - 8 scrolls of fear
 W - 2 scrolls of silence
Potions
 f - 9 potions of mutation
 g - 4 potions of enlightenment
 i - 5 potions of heal wounds
 l - 7 potions of resistance
 n - 4 potions of might
 o - 3 potions of attraction
 u - 19 potions of curing
 A - 6 potions of invisibility
 E - 3 potions of magic
 J - a potion of lignification
 N - 9 potions of haste
 S - 4 potions of cancellation
 T - 3 potions of ambrosia
 Y - 2 potions of berserk rage


   Skills:
 O Level 27 Fighting
 O Level 27 Axes
 - Level 0.4 Throwing
 O Level 27 Armour
 * Level 14.7 Dodging
 - Level 22.6 Shields
 - Level 15.0 Invocations


You had 25 spell levels left.
You knew the following spells:

 Your Spells              Type           Power      Damage    Failure   Level
a - Apportation           Tloc           0%         N/A       92%         1

Your spell library contained the following spells:

 Spells                   Type           Power      Damage    Failure   Level
 Foxfire                  Conj/Fire      0%         2x1d4     92%         1
 Freeze                   Ice            0%         1d3       92%         1
 Kiss of Death            Conj/Necr      0%         2d5       92%         1
 Magic Dart               Conj           0%         1d3       92%         1
 Sandblast                Erth           0%         2d4       92%         1
 Shock                    Conj/Air       0%         1d3       92%         1
 Slow                     Hex            0%         N/A       92%         1
 Sting                    Tmut/Pois      0%         1d3       92%         1
 Summon Small Mammal      Summ           0%         N/A       92%         1
 Cigotuvi's Dreadful Rot  Necr/Pois/Air  0%         N/A       98%         2
 Ensorcelled Hibernation  Hex/Ice        0%         N/A       98%         2
 Jinxbite                 Hex            0%         N/A       98%         2
 Lesser Beckoning         Tloc           0%         N/A       98%         2
 Passwall                 Tmut/Erth      0%         N/A       98%         2
 Poisonous Vapours        Pois/Air       0%         N/A       98%         2
 Scorch                   Fire           0%         2d5       98%         2
 Searing Ray              Conj           0%         2d4       98%         2
 Sublimation of Blood     Necr           0%         N/A       98%         2
 Wereblood                Tmut           0%         N/A       98%         2
 Call Canine Familiar     Summ           0%         N/A       100%        3
 Confusing Touch          Hex            0%         N/A       100%        3
 Dazzling Flash           Conj/Hex       0%         N/A       100%        3
 Frozen Ramparts          Ice            0%         1d1       100%        3
 Gell's Gravitas          Tloc           0%         N/A       100%        3
 Hailstorm                Conj/Ice       0%         3d3       100%        3
 Ignite Poison            Fire/Tmut/Pois 0%         N/A       100%        3
 Inner Flame              Hex/Fire       0%         N/A       100%        3
 Mephitic Cloud           Conj/Pois/Air  0%         N/A       100%        3
 Sigil of Binding         Hex            0%         N/A       100%        3
 Stone Arrow              Conj/Erth      0%         3d7       100%        3
 Summon Guardian Golem    Hex/Summ       0%         N/A       100%        3
 Swiftness                Air            0%         N/A       100%        3
 Teleport Other           Tloc           0%         N/A       100%        3
 Vampiric Draining        Necr           0%         2d6       100%        3
 Volatile Blastmotes      Fire/Tloc      0%         2d10      100%        3
 Anguish                  Hex/Necr       0%         N/A       100%        4
 Animate Armour           Summ/Erth      0%         N/A       100%        4
 Animate Dead             Necr           0%         N/A       100%        4
 Brom's Barrelling Bould  Conj/Erth      0%         2d3       100%        4
 Dimensional Bullseye     Hex/Tloc       0%         N/A       100%        4
 Flame Wave               Conj/Fire      0%         2d4       100%        4
 Iskenderun's Mystic Bla  Conj/Tloc      0%         2d3       100%        4
 Leda's Liquefaction      Hex/Erth       0%         N/A       100%        4
 Olgreb's Toxic Radiance  Pois           0%         N/A       100%        4
 Passage of Golubria      Tloc           0%         N/A       100%        4
 Petrify                  Tmut/Erth      0%         N/A       100%        4
 Sticky Flame             Conj/Fire      0%         2d3       100%        4
 Agony                    Necr           0%         N/A       100%        5
 Alistair's Intoxication  Tmut/Pois      0%         N/A       100%        5
 Arcjolt                  Conj/Air       0%         1d10      100%        5
 Borgnjor's Vile Clutch   Necr/Erth      0%         N/A       100%        5
 Fireball                 Conj/Fire      0%         3d3       100%        5
 Freezing Cloud           Conj/Ice/Air   0%         6-21      100%        5
 Irradiate                Conj/Tmut      0%         3d11      100%        5
 Metabolic Englaciation   Hex/Ice        0%         N/A       100%        5
 Silence                  Hex/Air        0%         N/A       100%        5
 Summon Forest            Summ/Tloc      0%         N/A       100%        5
 Summon Mana Viper        Hex/Summ       0%         N/A       100%        5
 Yara's Violent Unravell  Hex/Tmut       0%         3d3       100%        5
 Conjure Ball Lightning   Conj/Air       0%         3x3d6     100%        6
 Death Channel            Necr           0%         N/A       100%        6
 Dispersal                Tloc           0%         N/A       100%        6
 Plasma Beam              Fire/Air       0%         2x1d10    100%        6
 Simulacrum               Ice/Necr       0%         N/A       100%        6
 Starburst                Conj/Fire      0%         6d3       100%        6
 Summon Cactus Giant      Summ           0%         N/A       100%        6
 Haunt                    Necr/Summ      0%         N/A       100%        7
 Malign Gateway           Summ/Tloc      0%         N/A       100%        7
 Orb of Destruction       Conj           0%         9d5       100%        7
 Ozocubu's Refrigeration  Ice            0%         4d7       100%        7
 Spellforged Servitor     Conj/Summ      0%         N/A       100%        7
 Summon Hydra             Summ           0%         N/A       100%        7
 Infestation              Necr           0%         N/A       100%        8
 Lehudib's Crystal Spear  Conj/Erth      0%         10d2      100%        8
 Summon Horrible Things   Summ           0%         N/A       100%        8
 Chain Lightning          Conj/Air       0%         N/A       100%        9
 Fire Storm               Conj/Fire      0%         5d1       100%        9
 Polar Vortex             Ice            0%         N/A       100%        9
 Shatter                  Erth           0%         3d5*      100%        9


Dungeon Overview and Level Annotations

Branches:
Dungeon (15/15)            Temple (1/1) D:5            Lair (5/5) D:8
 Shoals (4/4) Lair:2       Spider (4/4) Lair:3        Slime (5/5) Lair:4
    Orc (2/2) D:11            Elf (3/3) Orc:2        Vaults (5/5) D:13
  Crypt (3/3) Vaults:3       Tomb (0/3) Crypt:3      Depths (4/4) D:15
    Zot (5/5) Depths:4    Volcano (visited)

Altars:
Ashenzari
Cheibriados
Dithmenos
Elyvilon
Fedhas
Gozag
Hepliaklqana
Kikubaaqudgha
Makhleb
Nemelex Xobeh
Okawaru
Qazlal
Ru
Sif Muna
Trog
Uskayaw
Vehumet
Wu Jian
Xom
Yredelemnul
Zin
The Shining One

Shops:
D:1 ?   D:4 *   D:10 =   D:11 *   Orc:1 *   Orc:2 [!!((   Elf:1 *   Elf:3 *
Shoals:1 ?

Portals:
Hell: Depths:1 Depths:2 Depths:3 Depths:4
Abyss: Depths:1 Depths:2 Depths:3 Depths:4
Pandemonium: Depths:2 Depths:3
Ziggurat: Depths:3

Annotations:
Elf:1 3 runed translucent doors, exclusion: obsidian statue, Lamitaj's ghost, journeyman DsGl
Depths:3 exclusion: orange crystal statue
Zot:1 2 transporters


Innate Abilities, Weirdness & Mutations

You can walk on water.
You have a pair of small antennae on your head.
Armour fits poorly on your strangely shaped body.
You are very frail. (-20% HP)
You are strong-willed. (Will+)
You are covered in fur. (AC +1)
You are weak. (Str -2)
You expend magic power (3 MP) to strengthen your wands.


Message History

The Hell Sentinel is severely wounded.
You slash the Hell Sentinel!
The Hell Sentinel is severely wounded.
The Hell Sentinel gestures at you.
The sphere of damnation explodes!
The damnation engulfs you!!
The damnation engulfs the Hell Sentinel.
The Hell Sentinel completely resists.
You slash the Hell Sentinel!
The Hell Sentinel is severely wounded.
You block the Hell Sentinel's attack. x2
You slice the Hell Sentinel!!
The Hell Sentinel is almost dead.
You block the Hell Sentinel's attack. x2
You slice the Hell Sentinel!!
You kill the Hell Sentinel!
Beogh accepts your kill.
Aiming: Dig
Press: ? - help, Q - select action, (/) - cycle Shift-Dir - straight line You can't see that place. [a rock wall.]
You feel a surge of power!
The rock shatters into small pieces.
There is a stone staircase leading up here.
You climb upwards.
There is a stone staircase leading down here.
An Ice Fiend comes into view.
Blink to where?
Press: ? - help, Q - select action, (/) - cycle Dir - move target
As you read the scroll of blinking, it crumbles to dust.
Blink to where?
Press: ? - help, Q - select action, (/) - cycle Dir - move target
As you read the scroll of blinking, it crumbles to dust.
Magic restored.
There is a staircase leading out of the dungeon here.
Unknown command.
Unknown command.
Unknown command.
Unknown command.
Unknown command.
Unknown command.
You have escaped! #.#.###.# #.....# ## .#.#.##.# #.....# PP.P

#.#.###.# #.....# P..
o#.#.##.#####...#.#♣P♣♣PP
#.#.###.........#.#......
.#.#.########.....#P.♣P..
###### #.....#♣P.♣..
########.....#..P.♣
######..........@.#.PPPP
.............#....#PPPP♣
######............#P.♣P♣
####..............#..♣ P
#.............#.#.#PPPP
#.............#.#.#PP...
#.................#.P.4.♣
#[....#.###.......#.P♣.PP
........##........######


You could see a chaos spawn.

Vanquished Creatures
  the Royal Jelly (Slime:5)
  Dissolution (Slime:5)
  Mara (Depths:2)
  4 dread liches
  6 orbs of fire (Zot:5)
  3 ancient liches
  Sojobo (Vaults:4)
  3 Killer Klowns (Zot:5)
  Bai Suzhen (Crypt:2)
  11 golden dragons
  A curse toe (Zot:5)
  The ghost of theMacoje the Slayer, an adept OgEn of Okawaru (Vaults:2)
  4 bone dragons
  4 electric golems
  19 tentacled monstrosities
  25 Orb Guardians (Zot:5)
  A Hell Sentinel (D:2)
  A lich (Zot:4)
  A walking frostbound tome (Depths:3)
  A deep elf blademaster (Elf:3)
  4 sphinxes
  A walking divine tome (Depths:3)
  6 titans (Vaults:5)
  6 quicksilver dragons
  2 ancient champions
  An Executioner (D:14)
  11 acid blobs
  16 storm dragons
  12 death cobs
  13 azure jellies
  5 tengu reavers (Vaults:5)
  11 shadow dragons
  A revenant (Crypt:3)
  6 fire giants
  Ilsuiw (Shoals:2)
  5 draconian monks
  5 draconian scorchers
  Louise (Shoals:1)
  2 emperor scorpions (Spider:4)
  7 frost giants
  An iron dragon (Vaults:5)
  11 rockslimes
  3 draconian knights
  A juggernaut zombie (Crypt:3)
  An angel (Shoals:4)
  6 deep elf sorcerers
  3 deep elf elementalists (Elf:3)
  6 draconian shifters
  13 ghost moths
  11 vault wardens
  8 draconian annihilators
  2 cacodemons
  3 draconian stormcallers (Zot:4)
  4 curse skulls
  8 orc warlords
  A broodmother (Spider:4)
  A spriggan defender (Depths:2)
  9 ghouls
  9 quicksilver oozes
  2 formless jellyfish
  10 black draconians
  16 stone giants
  9 very ugly things
  6 ironbound preservers
  2 ironbound thunderhulks
  8 green draconians
  A war gargoyle (Zot:4)
  5 deep elf annihilators
  24 vampire knights
  10 white draconians
  2 dire elephants
  7 yellow draconians
  An apis (Shoals:4)
  6 deep elf demonologists (Elf:3)
  A spark wasp (Depths:4)
  7 red draconians
  3 deep elf death magi
  13 purple draconians
  A crystal guardian (Vaults:4)
  2 merfolk javelineers
  A minotaur (shapeshifter) (Vaults:4)
  8 ettins
  10 yaktaur captains
  An ettin (shapeshifter) (Vaults:2)
  An eidolon (Crypt:3)
  6 jiangshi
  4 merfolk impalers
  3 entropy weavers
  2 deep elf high priests
  A quicksilver dragon skeleton (Crypt:2)
  2 rakshasas (Depths:3)
  6 hydras
  A peacekeeper (Vaults:4)
  28 vault guards
  4 great orbs of eyes
  5 ogre magi
  4 fire dragons
  10 ice dragons
  2 spriggan air magi
  2 ironbound frosthearts
  A jorogumo (Spider:3)
  2 radroaches
  2 merfolk aquamancers
  7 two-headed ogres
  3 boulder beetles
  A death knight (Crypt:1)
  2 merfolk avatars (Shoals:3)
  21 dancing weapons
  7 centaur warriors
  2 demonic crawlers
  5 tengu warriors
  3 death yaks
  Erica (D:11)
  A deep troll shaman (Depths:4)
  7 vampire magi
  2 deep troll earth magi
  A titan zombie (Crypt:2)
  An orc high priest (Crypt:1)
  A hell knight (Depths:1)
  7 soul eaters
  2 holy swine (Shoals:4)
  12 deep elf knights
  An occultist (Depths:2)
  6 spriggan berserkers
  Nergalle (Lair:1)
  3 sun demons
  A shadow wraith (Crypt:3)
  32 skeletal warriors
  2 sun moths (Spider:4)
  14 deep trolls
  5 sea snakes
  An iron troll (Depths:4)
  2 pharaoh ants (Spider:4)
  2 flayed ghosts
  4 skysharks
  A storm dragon skeleton (Crypt:2)
  A bunyip zombie (Crypt:3)
  A salamander mystic (Depths:2)
  An anaconda zombie (Crypt:3)
  A quicksilver dragon simulacrum (Crypt:3)
  7 glowing orange brains
  4 steelbarb worms
  Pikel (D:6)
  5 bog bodies
  A bunyip skeleton (Crypt:3)
  7 harpies
  7 ironbound convokers
  3 deep elf archers
  2 arcanists
  16 deep elf pyromancers
  4 necromancers
  13 orc knights (Vaults:5)
  An alligator zombie (Crypt:3)
  26 phantasmal warriors
  12 deep elf zephyrmancers
  A harpy (shapeshifter) (Vaults:5)
  18 ugly things
  A wolf spider zombie (Crypt:2)
  5 wolf spiders
  9 cyclopes
  15 elephants
  4 orc sorcerers
  An oklob plant (Lair:1)
  6 manticores
  2 fauns (shapeshifter) (Vaults:5)
  2 shining eyes
  3 moths of wrath (shapeshifter)
  3 salamanders (Depths:2)
  A frost giant zombie (Crypt:1)
  A goliath frog skeleton (Crypt:2)
  16 moths of wrath
  111 slime creatures
  2 cyclopes (shapeshifter)
  4 merfolk sirens (Shoals:2)
  2 naga zombies
  2 black mambas
  3 eyes of devastation
  8 vault sentinels
  A water nymph (Shoals:3)
  2 gargoyles
  20 cane toads
  11 komodo dragons
  A torpor snail (Spider:3)
  Maggie (D:10)
  3 kobold demonologists (D:10)
  4 rime drakes
  4 unseen horrors
  A rime drake (shapeshifter) (D:13)
  6 freezing wraiths
  A minotaur zombie (Crypt:3)
  26 yaktaurs
  Jeremiah (D:8)
  A tormentor (Depths:3)
  3 tengu conjurers
  An efreet (D:15)
  A white draconian skeleton (Crypt:3)
  10 human skeletons
  A death yak skeleton (Crypt:2)
  9 polar bears
  A troll (Orc:1)
  5 hornets
  17 merfolk
  3 burning bushes (Lair:4)
  A silent spectre (Crypt:2)
  An unseen horror skeleton (Crypt:2)
  A harpy zombie (Crypt:1)
  2 guardian mummies
  2 meliai (Spider:3)
  2 glass eyes
  4 tarantellas
  3 wind drakes
  A tarantella (shapeshifter) (Depths:4)
  20 blink frogs
  A death drake skeleton (Crypt:3)
  Grinder (D:5)
  A guardian serpent zombie (Crypt:3)
  13 dream sheep
  2 glass eyes (shapeshifter) (Vaults:2)
  2 centaur simulacra
  3 air elementals
  An ettin skeleton (Vaults:3)
  11 flying skulls
  15 spriggans
  4 jumping spiders
  8 water elementals
  10 culicivoras
  A vampire (D:13)
  2 shadows
  A ynoxinul (Depths:3)
  A dire elephant simulacrum (Crypt:2)
  6 wraiths
  10 golden eyes
  21 yaks
  3 fire elementals
  2 hogs (D:14)
  A fire bat (shapeshifter) (Vaults:2)
  A black mamba skeleton (Crypt:3)
  A fire bat (D:9)
  3 basilisks
  4 wyverns
  2 steam dragons
  A redback (shapeshifter) (Vaults:5)
  4 vampire mosquitoes
  20 redbacks
  Edmund (D:5)
  6 wargs
  2 acid dragons
  11 water moccasins
  A cane toad skeleton (Crypt:1)
  An ice beast (D:6)
  25 orc warriors
  2 black bears
  15 ogres
  8 boggarts
  30 wolves
  8 centaurs
  An elephant skeleton (Crypt:1)
  A lemure (D:6)
  2 phantoms
  3 kobold brigands (D:10)
  11 bullfrogs
  A vine stalker zombie (Crypt:2)
  4 earth elementals
  5 necrophages
  2 gnoll sergeants
  3 scorpions
  5 wights (D:7)
  A yak zombie (Crypt:3)
  7 killer bees
  5 howler monkeys
  2 vampire bats (Lair:1)
  2 electric eels
  2 spriggan skeletons
  7 jellies (Lair:1)
  14 orc priests
  Crazy Yiuf (D:2)
  2 hounds
  4 human zombies (Crypt:1)
  3 iguanas
  13 orc wizards
  Terence (D:2)
  2 sleepcaps (D:6)
  An acid dragon zombie (Crypt:1)
  A deep dwarf zombie (Crypt:2)
  A tengu skeleton (Crypt:1)
  5 mummies (Crypt:1)
  13 gnolls
  13 adders
  A shadow imp (D:6)
  2 white imps
  2 ufetubi (D:6)
  An iguana zombie (Crypt:2)
  A worm (D:2)
  5 dart slugs
  54 orcs
  20 endoplasms
  4 giant cockroaches
  10 hobgoblins
  26 kobolds
  7 quokkas
  2 ball pythons
  11 bats
  A frilled lizard (D:2)
  A frilled lizard skeleton (Crypt:3)
  A giant cockroach zombie (Crypt:2)
  4 goblins
  A hobgoblin skeleton (Crypt:3)
  5 rats
  A spectral weapon (Crypt:2)
1778 creatures vanquished.

Vanquished Creatures (collateral kills)
  Saint Roka (Orc:2)
  Parghit (Zot:1)
  Rupert (Lair:4)
  2 tentacled monstrosities
  A deep elf master archer (Elf:3)
  3 sphinxes
  5 acid blobs
  Polyphemus (Shoals:3)
  2 death cobs
  Kirke (D:14)
  A draconian monk (Zot:1)
  Roxanne (Shoals:1)
  2 shadow dragons
  2 storm dragons
  Donald (Shoals:3)
  An azure jelly (Slime:5)
  A fire giant (Depths:3)
  A rockslime (Slime:5)
  4 emperor scorpions
  A frost giant (Depths:1)
  9 vault wardens
  A balrug (Depths:4)
  3 deep elf sorcerers
  8 deep elf elementalists (Elf:3)
  A cacodemon (Depths:2)
  A draconian shifter (Zot:2)
  A broodmother (Spider:4)
  A spriggan defender (Depths:2)
  4 formless jellyfish
  5 ironbound thunderhulks
  A quicksilver ooze (Slime:5)
  2 very ugly things (Vaults:2)
  4 stone giants
  A black draconian (Zot:4)
  6 ironbound preservers
  5 vampire knights
  6 dire elephants
  4 deep elf annihilators (Elf:3)
  2 deep elf demonologists (Elf:3)
  A lorocyproca (Depths:2)
  A yellow draconian (Depths:4)
  4 spark wasps
  A red draconian (Zot:1)
  3 ettins
  10 merfolk impalers
  A deep elf death mage (Elf:3)
  7 merfolk javelineers
  An entropy weaver (Spider:4)
  3 deep elf high priests (Elf:3)
  6 vault guards
  5 yaktaur captains
  2 hydras (Lair:5)
  2 rakshasas
  A spriggan air mage (Depths:1)
  4 great orbs of eyes
  A jorogumo (Spider:3)
  3 alligator snapping turtles (Shoals:4)
  5 centaur warriors
  2 boulder beetles
  2 ogre magi (Orc:2)
  A merfolk avatar (Shoals:2)
  5 merfolk aquamancers
  9 two-headed ogres (Orc:2)
  A deep troll shaman (Depths:3)
  2 catoblepae
  5 ironbound frosthearts
  A satyr (Shoals:2)
  6 death yaks
  20 dancing weapons
  5 tengu warriors
  4 spriggan berserkers
  A holy swine (Shoals:4)
  Urug (D:13)
  3 demonic crawlers
  An orc high priest (Elf:3)
  4 hell knights (Depths:1)
  A vampire mage (Depths:1)
  6 deep elf knights
  5 skysharks
  2 sun moths
  6 skeletal warriors
  12 deep trolls
  3 sea snakes
  4 pharaoh ants
  3 cherubim (Shoals:4)
  13 orb spiders
  7 deep elf archers
  A glowing orange brain (D:13)
  6 arcanists
  8 ironbound convokers
  A lindwurm (Lair:3)
  9 steelbarb worms
  9 wolf spiders
  9 harpies
  A necromancer (Vaults:3)
  An orc knight (Orc:1)
  19 deep elf pyromancers
  18 deep elf zephyrmancers
  3 cyclopes
  13 ugly things
  6 shining eyes
  A manticore (shapeshifter) (D:14)
  6 manticores
  2 moths of wrath
  An eye of devastation (Slime:5)
  28 slime creatures
  4 elephants
  A water nymph (Shoals:3)
  2 merfolk sirens
  A torpor snail (Spider:4)
  A black mamba (Lair:5)
  11 vault sentinels
  A centaur zombie (Crypt:3)
  2 smoke demons
  6 cane toads
  A rime drake (Lair:4)
  16 yaktaurs
  An efreet (D:14)
  3 komodo dragons
  2 tengu conjurers
  15 merfolk
  A meliai (Spider:3)
  A harpy zombie (Crypt:3)
  3 trolls
  4 wind drakes
  4 hornets
  16 tarantellas
  6 glass eyes
  2 polar bears (Lair:5)
  A raiju (shapeshifter) (D:14)
  An ettin zombie (Vaults:3)
  A dream sheep (shapeshifter) (Vaults:4)
  An elf zombie (Vaults:3)
  5 dream sheep
  2 snapping turtles
  A blink frog (Lair:5)
  26 jumping spiders
  A centaur simulacrum (D:14)
  3 yaks
  2 air elementals (Elf:3)
  5 culicivoras
  7 water elementals
  A human (shapeshifter) (Vaults:2)
  3 basilisks
  A wraith (Crypt:3)
  5 spriggans
  A wyvern (Lair:4)
  2 hogs (D:14)
  A fire elemental (Elf:1)
  A basilisk (shapeshifter) (Vaults:2)
  2 golden eyes (Slime:2)
  33 redbacks
  2 vampire mosquitoes (D:14)
  A swamp worm (shapeshifter) (D:14)
  2 wargs (Orc:2)
  4 water moccasins
  An entropy weaver zombie (Vaults:3)
  An orc warrior (Orc:1)
  A swamp drake (shapeshifter) (Vaults:2)
  An ice beast (Vaults:4)
  A sky beast (shapeshifter) (Depths:4)
  14 ogres (Orc:2)
  4 boggarts
  11 wolves
  A centaur (D:15)
  An earth elemental (Elf:2)
  2 killer bees (D:11)
  An electric eel (Elf:3)
  3 orc priests
  4 human skeletons (Vaults:4)
  An adder (shapeshifter) (Vaults:2)
  4 orcs
706 creatures vanquished.

Vanquished Creatures (others)
  2 orc warlords
  A tentacled monstrosity (Zot:4)
  A stone giant (Zot:4)
  A deep elf annihilator (Elf:3)
  A fire dragon (Zot:2)
  An orc high priest (Zot:1)
  An ice dragon (Zot:4)
  An occultist (Crypt:2)
  8 orc knights
  11 orc warriors
  11 orc priests
  4 orc sorcerers
  A tarantella (Spider:4)
  An air elemental (Elf:1)
  A human (Crypt:2)
  A redback (Spider:4)
  An ogre (Orc:2)
  11 orc wizards
  29 orcs
88 creatures vanquished.

Grand Total: 2572 creatures vanquished

Notes
Turn   | Place    | Note
-------+----------+-------------------------------------------
     0 | D:1      | GenialerGandalf the Hill Orc Fighter began the quest for
                  | the Orb.
     0 | D:1      | Reached XP level 1. HP: 19/19 MP: 1/1
    85 | D:1      | Found Icimpiurgh's Magic Scroll Boutique.
   267 | D:1      | Reached XP level 2. HP: 27/27 MP: 2/2
   671 | D:2      | Reached XP level 3. HP: 33/33 MP: 3/3
   947 | D:2      | Reached XP level 4. HP: 37/40 MP: 4/4
  1062 | D:2      | Found a faded altar of an unknown god.
  1268 | D:2      | Noticed Terence
  1275 | D:2      | Killed Terence
  1342 | D:2      | Reached XP level 5. HP: 32/47 MP: 5/5
  1463 | D:2      | Found a runed translucent door.
  1464 | D:2      | Noticed Crazy Yiuf
  1790 | D:2      | Killed Crazy Yiuf
  1791 | D:2      | Reached skill level 5 in Axes
  1962 | D:3      | Reached XP level 6. HP: 18/53 MP: 6/6
  2396 | D:3      | Identified the +1 ring mail of the Distant Future {Regen+
                  | MP+9 Int-2}
  2514 | D:4      | Reached skill level 5 in Fighting
  2526 | D:4      | Noticed a water moccasin
  2527 | D:4      | Noticed a water moccasin
  2553 | D:3      | Killed a water moccasin
  2554 | D:3      | Reached skill level 5 in Armour
  2554 | D:3      | Reached XP level 7. HP: 17/61 MP: 7/7
  2830 | D:4      | Found Peymuq's Serpentskin Sales.
  3119 | D:4      | Noticed Ijyb
  3120 | D:4      | Ijyb changed into Ijyb the howler monkey
  3120 | D:4      | Noticed Ijyb
  3125 | D:4      | Killed Ijyb the howler monkey
  3126 | D:4      | Reached XP level 8. HP: 68/69 MP: 8/8
  3432 | D:4      | Found a sparkling altar of Nemelex Xobeh.
  3432 | D:4      | Found a blossoming altar of Fedhas.
  3434 | D:4      | Found an ornate altar of the Wu Jian Council.
  3547 | D:5      | Entered Level 5 of the Dungeon
  3577 | D:5      | Found a staircase to the Ecumenical Temple.
  3609 | Temple   | Entered the Ecumenical Temple
  4118 | D:5      | Noticed Grinder
  4127 | D:5      | Killed Grinder
  4128 | D:5      | Reached skill level 5 in Shields
  4199 | D:5      | Noticed Edmund
  4211 | D:5      | Killed Edmund
  4212 | D:5      | Reached skill level 10 in Axes
  4351 | D:5      | Identified the ring "Herood" {rC++ rCorr Dex-4 SInv}
  4635 | D:5      | Became a worshipper of Beogh the Brigand
  4900 | D:6      | Noticed an unseen horror
  4906 | D:6      | Reached XP level 9. HP: 56/75 MP: 9/9
  4907 | D:6      | Reached skill level 1 in Invocations
  4911 | D:6      | Killed an unseen horror
  4941 | D:6      | Noticed Pikel
  4948 | D:6      | Killed Pikel
  5171 | D:6      | Reached * piety under Beogh
  5285 | D:6      | You fall into a shaft and drop 2 floors!
  5356 | D:8      | Found a hazy altar of Hepliaklqana.
  5357 | D:8      | Found a shadowy altar of Dithmenos.
  5388 | D:8      | Identified the +0 leather armour of the Were-rabbit {rC+}
  5407 | D:8      | Reached XP level 10. HP: 59/86 MP: 12/12
  6632 | D:8      | Noticed Jeremiah
  6897 | D:8      | Killed Jeremiah
  6934 | D:8      | Reached ** piety under Beogh
  7015 | D:8      | Found a staircase to the Lair.
  7128 | D:8      | Identified the +0 ring mail of Zudikij {Harm rPois Str-2
                  | Int-5}
  8087 | D:9      | Noticed a two-headed ogre
  8089 | D:9      | a two-headed ogre changed into a deep troll
  8089 | D:9      | Noticed a deep troll
  8949 | D:9      | Paralysed by a hornet for 3 turns
  9191 | D:9      | Killed a deep troll
  9588 | D:10     | Entered Level 10 of the Dungeon
  9673 | D:10     | Noticed Maggie
  9684 | D:10     | Killed Maggie
  9685 | D:10     | Reached skill level 5 in Invocations
  9685 | D:10     | Reached XP level 11. HP: 91/95 MP: 14/14
  9908 | D:10     | Found Voruzust's One-of-a-Kind Rings.
  9921 | D:10     | Reached skill level 10 in Armour
 10572 | D:10     | Reached *** piety under Beogh
 10819 | Lair:1   | Entered Level 1 of the Lair of Beasts
 10832 | Lair:1   | Noticed an oklob plant
 11292 | Lair:1   | Noticed a skyshark
 11299 | Lair:1   | Killed a skyshark
 11300 | Lair:1   | Reached skill level 15 in Axes
 12137 | Lair:1   | Reached **** piety under Beogh
 12157 | Lair:1   | Reached XP level 12. HP: 88/105 MP: 16/16
 12908 | Lair:2   | Noticed Nergalle
 13041 | Lair:1   | Killed Nergalle
 13042 | Lair:1   | Reached skill level 10 in Fighting
 14010 | Lair:2   | Found a staircase to the Shoals.
 14238 | Lair:2   | Noticed Sonja
 14239 | Lair:2   | Sonja changed into Sonja the cane toad
 14239 | Lair:2   | Noticed Sonja
 14245 | Lair:2   | Killed Sonja the cane toad
 15062 | D:4      | Bought a scroll of poison for 56 gold pieces
 15062 | D:4      | Bought 3 curare-tipped darts for 50 gold pieces
 15567 | Lair:3   | Reached XP level 13. HP: 80/116 MP: 17/19
 15569 | Lair:3   | Reached ***** piety under Beogh
 15637 | Lair:3   | Gained Boghold as an ally
 15706 | Lair:3   | Found a dark tunnel.
 15711 | Volcano  | Entered a volcano
 17313 | Lair:3   | Found a hole to the Spider Nest.
 17746 | Lair:4   | Found a staircase to the Slime Pits.
 17903 | Lair:4   | Noticed Rupert
 17911 | Lair:4   | Killed Rupert
 18825 | Lair:5   | Entered Level 5 of the Lair of Beasts
 18836 | Lair:5   | Reached XP level 14. HP: 110/132 MP: 20/20
 19620 | Lair:5   | Identified the ring of Kotaoze {rElec rPois rF+ SInv
                  | Stlth+}
 19801 | Lair:5   | Reached skill level 15 in Fighting
 20407 | Lair:5   | Reached skill level 10 in Invocations
 20637 | Lair:5   | Reached skill level 10 in Shields
 21302 | D:11     | Found a staircase to the Orcish Mines.
 21513 | D:11     | Found Gumul's Pet Rocks.
 21642 | D:11     | Noticed Erica
 21648 | D:11     | Killed Erica
 21723 | D:11     | Reached skill level 15 in Armour
 22639 | D:12     | Reached XP level 15. HP: 144/146 MP: 22/22
 23148 | D:13     | Noticed Urug
 23159 | D:13     | Killed Urug
 23794 | D:13     | Identified the +7 short sword "Bahamoc" {heavy, rC+ Will+}
 23943 | D:13     | Found a gate to the Vaults.
 24089 | D:14     | Killed Kirke
 24317 | D:14     | Gained Agrik as an ally
 24344 | D:14     | Your ally Agrik died
 24487 | D:14     | Identified the maw talisman of Vehumet's Pride {Str+4
                  | Int-4}
 24723 | D:14     | Reached ****** piety under Beogh
 25574 | D:15     | Entered Level 15 of the Dungeon
 26121 | D:15     | Found a bloodstained altar of Trog.
 26741 | D:15     | Found a staircase to the Depths.
 26887 | Orc:1    | Entered Level 1 of the Orcish Mines
 27439 | Orc:1    | Found Jeesuqui's Overcharged Wands.
 27653 | Orc:2    | Entered Level 2 of the Orcish Mines
 27653 | Orc:2    | Found Fanibbas's Weapon Boutique.
 27667 | Orc:2    | Found a staircase to the Elven Halls.
 27788 | Orc:2    | Found Otsolu Ynko's Weapon Shop.
 27788 | Orc:2    | Found Unudat's Distillery.
 27789 | Orc:2    | Found Ruptur's Armour Boutique.
 27789 | Orc:2    | Found Ligher's Distillery.
 27791 | Orc:2    | Gained Orik as an ally
 27798 | Orc:2    | Noticed Saint Roka
 27804 | Orc:2    | Reached XP level 16. HP: 72/159 MP: 24/24
 27808 | Orc:2    | Your ally Orik died
 27821 | Orc:2    | Killed Saint Roka
 28125 | Orc:2    | Bought a potion of heal wounds for 50 gold pieces
 28125 | Orc:2    | Bought a potion of might for 40 gold pieces
 28125 | Orc:2    | Bought a potion of might for 40 gold pieces
 28125 | Orc:2    | Bought a potion of curing for 30 gold pieces
 28125 | Orc:2    | Bought a potion of curing for 30 gold pieces
 28125 | Orc:2    | Bought a potion of curing for 30 gold pieces
 28127 | Orc:2    | Bought a potion of heal wounds for 80 gold pieces
 28127 | Orc:2    | Bought a potion of might for 64 gold pieces
 28127 | Orc:2    | Bought a potion of berserk rage for 80 gold pieces
 28439 | Orc:2    | Bought a +1 plate armour of fire resistance for 560 gold
                  | pieces
 28689 | Shoals:1 | Entered Level 1 of the Shoals
 28689 | Shoals:1 | Noticed Roxanne
 28706 | Shoals:1 | Killed Roxanne
 28737 | Shoals:1 | Found a white marble altar of Elyvilon.
 29002 | Shoals:1 | Noticed Louise
 29018 | Shoals:1 | Killed Louise
 29951 | Shoals:1 | Found Nuapsat's Magic Scroll Shop.
 29959 | Shoals:1 | Bought a scroll of teleportation for 60 gold pieces
 29959 | Shoals:1 | Bought a scroll of teleportation for 60 gold pieces
 29959 | Shoals:1 | Bought a scroll of brand weapon for 190 gold pieces
 29959 | Shoals:1 | Bought a scroll of teleportation for 60 gold pieces
 29959 | Shoals:1 | Bought a scroll of silence for 190 gold pieces
 30543 | Shoals:2 | Noticed Ilsuiw
 30570 | Shoals:2 | Killed Ilsuiw
 30824 | Shoals:2 | Reached skill level 1 in Dodging
 32857 | Shoals:3 | Noticed Donald
 33032 | Shoals:3 | Killed Polyphemus
 33489 | Shoals:3 | Killed Donald
 34809 | Shoals:4 | Entered Level 4 of the Shoals
 34854 | Shoals:4 | Reached XP level 17. HP: 142/170 MP: 26/26
 35962 | Shoals:4 | Found a glowing golden altar of the Shining One.
 35975 | Shoals:4 | Gained Jorge as an ally
 36536 | Shoals:4 | Found the +3 hat of Pondering {ponderous, Will+ MP+10
                  | Int+5}
 36780 | Shoals:4 | Found a glowing silver altar of Zin.
 37097 | Shoals:4 | Identified the ring of Voiroux {rElec rC+ Str-2 Int+8 SInv}
 37650 | Shoals:4 | Got a barnacled rune of Zot
 37830 | Shoals:4 | Found a white marble altar of Elyvilon.
 37993 | Shoals:4 | Identified the +5 quarterstaff of Revolt {heavy, rPois rN+
                  | Int+3 SInv}
 39121 | Spider:1 | Entered Level 1 of the Spider Nest
 40187 | Spider:2 | You fall into a shaft and drop 1 floor!
 41575 | Spider:4 | Entered Level 4 of the Spider Nest
 41842 | Spider:4 | Reached XP level 18. HP: 146/182 MP: 27/27
 43518 | Spider:4 | Identified the +0 hat of Courage {rF+ Will+++ Str-4 Int+3}
 43783 | Spider:4 | Got a gossamer rune of Zot
 44189 | Vaults:5 | Identified the of Niprefed
 44189 | Vaults:5 | Identified the of Tocogyt
 44189 | Crypt:3  | Identified the of Niuloqe
 44189 | Depths:3 | Identified the of Azarhit
 44189 | Elf:1    | Identified the "Anised"
 44189 | Elf:1    | Entered Level 1 of the Elven Halls
 44482 | Elf:1    | Reached skill level 15 in Shields
 44529 | Elf:1    | Found a runed translucent door.
 44872 | Elf:1    | Found a runed translucent gate.
 44875 | Elf:1    | Found a runed translucent gate.
 44875 | Elf:1    | Found an opulent altar of Gozag.
 44876 | Elf:1    | Found a runed translucent gate.
 44876 | Elf:1    | Noticed Lamitaj's ghost (journeyman DsGl)
 44878 | Elf:1    | Found Litemmih's Assorted Antiques.
 45583 | Elf:2    | Paralysed by an air elemental for 1 turns
 46275 | Elf:2    | Found a runed translucent gate.
 46275 | Elf:2    | Found a runed translucent gate.
 46277 | Elf:2    | Found a runed translucent gate.
 46745 | Vaults:1 | Entered Level 1 of the Vaults
 47136 | Vaults:1 | Reached XP level 19. HP: 193/193 MP: 29/29
 47419 | Vaults:1 | Reached skill level 5 in Dodging
 48090 | Vaults:1 | Reached XP level 20. HP: 153/202 MP: 30/30
 48269 | Vaults:1 | Paralysed by a formless jellyfish for 1 turns
 48415 | Vaults:1 | Found the +2 hat of the Bear Spirit {Spirit, Bear, *Rage
                  | Will++}
 49610 | Vaults:2 | You fall into a shaft and drop 1 floor!
 50025 | Vaults:2 | Found a runed translucent gate.
 50025 | Vaults:2 | Found a runed translucent gate.
 50026 | Vaults:2 | Found a runed translucent gate.
 50407 | Vaults:2 | Identified a scroll of acquirement
 50408 | Vaults:2 | Paralysed by a formless jellyfish for 1 turns
 50411 | Vaults:2 | Paralysed by a formless jellyfish for 1 turns
 50420 | Vaults:2 | Acquired the +1 crystal plate armour of an ossuary {Str+2}
 52149 | Vaults:3 | Found a staircase to the Crypt.
 53354 | Vaults:4 | Reached XP level 21. HP: 206/215 MP: 32/32
 53355 | Vaults:4 | Reached skill level 15 in Invocations
 54336 | Elf:3    | Identified the "Xajize"
 54336 | Elf:3    | Identified the "Vugedd"
 54336 | Elf:3    | Entered Level 3 of the Elven Halls
 54392 | Elf:3    | Identified the +5 chain mail of the Serpent {Will+++ Int-2
                  | SInv Stlth+}
 55617 | Elf:3    | Found Ineuc's General Store.
 55620 | Elf:3    | Bought a scroll of teleportation for 48 gold pieces
 56452 | Elf:3    | Paralysed by an air elemental for 1 turns
 56456 | Elf:3    | Paralysed by an air elemental for 1 turns
 56532 | Elf:3    | Identified the staff of the Mauling Gods {*Corrode rF+++
                  | Int+10 Stlth- Earth}
 56583 | Elf:3    | Identified the +6 scale mail "Araxij" {Harm rN+ SInv}
 56599 | Elf:3    | Your ally Jorge died
 56614 | Elf:3    | HP: 10/218 [deep elf high priest/damnation (39)]
 56961 | Elf:3    | Paralysed by an air elemental for 1 turns
 57050 | Elf:3    | Identified the ring "Ekhloaju" {Contam rCorr Str+2 Int+9}
 57242 | Elf:3    | Identified the ring of Hogh {rElec rF- rCorr Str+5 SInv}
 57335 | Elf:3    | Acquired the +1 pair of boots of Yredelemnul, Freezing
                  | {rElec SInv Stlth+}
 58248 | D:11     | Upgraded the game from 0.31-a0-1008-g5b978dac0e to
                  | 0.31-a0-1009-g454b1f1e0a
 58440 | Depths:1 | Entered Level 1 of the Depths
 58480 | Depths:1 | Found a gateway to Hell.
 58555 | Depths:1 | Found a sacrificial altar of Ru.
 58620 | Depths:1 | Found a one-way gate to the infinite horrors of the Abyss.
 59212 | Depths:1 | Identified the staff of Okawaru's Regard {rCorr Conj}
 60170 | D:1      | Bought a scroll of enchant armour for 75 gold pieces
 60170 | D:1      | Bought a scroll of blinking for 75 gold pieces
 60170 | D:1      | Bought a scroll of summoning for 95 gold pieces
 60170 | D:1      | Bought a scroll of fear for 40 gold pieces
 60170 | D:1      | Bought a scroll of teleportation for 30 gold pieces
 60819 | Depths:2 | Found a one-way gate leading to the halls of Pandemonium.
 60832 | Depths:2 | Reached XP level 22. HP: 213/220 MP: 31/33
 61134 | Depths:2 | Noticed Mara
 61143 | Depths:2 | Noticed GenialerGandalf's illusion
 61166 | Depths:2 | Killed Mara
 62106 | Depths:3 | Identified the +6 flail "Jigrill" {spect, rPois rF++ rC++}
 62116 | Depths:3 | Found a one-way gateway to a ziggurat.
 62143 | Depths:3 | Found a shimmering blue altar of Sif Muna.
 62203 | Depths:3 | Noticed a golden dragon
 62225 | Depths:3 | Killed a golden dragon
 62454 | Depths:3 | Acquired the ring of Qoesad {Contam rPois rN+ Str+6 Int+9
                  | Stlth-}
 62518 | Depths:3 | Identified the +0 robe "Hafunoov" {Fly SInv}
 63041 | Depths:3 | Reached skill level 27 in Fighting
 63353 | Depths:4 | Entered Level 4 of the Depths
 63451 | Depths:4 | Identified the ring "Upluneut" {rF++ Will+ rCorr}
 63629 | Depths:4 | Found a gate to the Realm of Zot.
 63933 | Depths:4 | Found a radiant altar of Vehumet.
 64017 | Depths:4 | Identified the ring of Cuskusch {Fire Will- rCorr Str+2
                  | Int+2}
 64868 | Zot:4    | Identified the of Gaim
 64868 | Slime:1  | Entered Level 1 of the Pits of Slime
 64881 | Slime:1  | Gained mutation: You occasionally lose the ability to read
                  | scrolls when taking damage. [a shining eye]
 65670 | Slime:4  | Gained mutation: You are robust. (+10% HP) [a shining eye]
 65672 | Slime:4  | Gained mutation: You occasionally lose the ability to drink
                  | potions when taking damage. [a shining eye]
 65673 | Slime:4  | Gained mutation: Your spells are a little harder to cast,
                  | but a little more powerful. [a shining eye]
 65675 | Slime:4  | Lost mutation: Your spells are a little harder to cast, but
                  | a little more powerful. [a shining eye]
 65676 | Slime:4  | Gained mutation: Your magical capacity is low. (-10% MP) [a
                  | shining eye]
 66304 | Slime:3  | Reached XP level 23. HP: 264/264 MP: 30/30
 66316 | Slime:3  | Gained mutation: You are dopey. (Int -2) [a shining eye]
 66505 | Slime:2  | Gained mutation: You are weak. (Str -2) [a shining eye]
 66515 | Slime:2  | Gained Dorog as an ally
 67571 | Slime:5  | Identified the "Zoejy"
 67571 | Slime:5  | Identified the "Hefriullah"
 67571 | Slime:5  | Identified the "Lyet"
 67571 | Slime:5  | Entered Level 5 of the Pits of Slime
 67630 | Slime:5  | Gained mutation: You sometimes lose the ability to drink
                  | potions when taking damage. [a shining eye]
 67684 | Slime:5  | Gained mutation: Your spells are a little easier to cast,
                  | but a little less powerful. [a shining eye]
 67685 | Slime:5  | Lost mutation: You are robust. (+10% HP) [a shining eye]
 67787 | Slime:5  | Noticed Dissolution
 67799 | Slime:5  | Killed Dissolution
 67834 | Slime:5  | Noticed the Royal Jelly
 67868 | Slime:5  | Your ally Dorog died
 67880 | Slime:5  | Killed the Royal Jelly
 67944 | Slime:5  | Identified the +9 shortbow "Oroacsas" {freeze, rPois Int-4
                  | Dex+2 SInv}
 67958 | Slime:5  | Identified the +7 short sword of Ocacitz {vamp, rPois rF+}
 68063 | Slime:5  | Got a slimy rune of Zot
 68102 | Slime:5  | Identified the +6 orcbow of Offence {antimagic, rC+ SInv}
 68242 | Slime:5  | Identified the death talisman of Abyikhae {Will+}
 68251 | Slime:5  | Identified the +1 leather armour of Cinelol {Harm Dex+7}
 68252 | Slime:5  | Identified the amulet "Kilok" {RegenMP rN+ Int+3}
 68399 | Slime:5  | Identified the +8 lajatang "Quunevuss" {venom, rElec MP-9
                  | Int+3}
 68669 | Slime:5  | Lost mutation: Your spells are a little easier to cast, but
                  | a little less powerful. [potion of mutation]
 68669 | Slime:5  | Lost mutation: You are dopey. (Int -2) [potion of mutation]
 68669 | Slime:5  | Gained mutation: You are partially covered in iridescent
                  | scales. (AC +2) [potion of mutation]
 68669 | Slime:5  | Gained mutation: You are agile. (Dex +4, Str/Int -1)
                  | [potion of mutation]
 68670 | Slime:5  | Lost mutation: You occasionally lose the ability to read
                  | scrolls when taking damage. [potion of mutation]
 68670 | Slime:5  | Lost mutation: You are agile. (Dex +4, Str/Int -1) [potion
                  | of mutation]
 68670 | Slime:5  | Lost mutation: You are partially covered in iridescent
                  | scales. (AC +2) [potion of mutation]
 68670 | Slime:5  | Lost mutation: You sometimes lose the ability to drink
                  | potions when taking damage. [potion of mutation]
 68670 | Slime:5  | Gained mutation: Potions are less effective at restoring
                  | your health. [potion of mutation]
 69026 | Vaults:2 | Found a runed translucent gate.
 69026 | Vaults:2 | Found a runed translucent gate.
 69029 | Vaults:2 | Found a runed translucent gate.
 69036 | Vaults:2 | Noticed theMacoje's ghost (adept OgEn)
 69089 | Vaults:2 | Killed theMacoje's ghost
 69102 | Vaults:2 | Learned a level 1 spell: Apportation
 69122 | Vaults:2 | Identified the +5 pair of boots "Hozul" {Fly rC+ MP+9
                  | Str-3} (You found it on level 2 of the Vaults)
 69946 | Vaults:5 | Entered Level 5 of the Vaults
 69952 | Vaults:5 | Gained Zartorak as an ally
 69953 | Vaults:5 | Was placed under penance by Beogh
 69956 | Vaults:5 | Your ally Zartorak died
 69981 | Vaults:5 | Noticed Sojobo
 69987 | Vaults:5 | Paralysed by an air elemental for 1 turns
 70179 | Vaults:5 | Noticed an ancient lich
 70184 | Vaults:5 | Noticed a golden dragon
 70191 | Vaults:5 | Reached XP level 24. HP: 249/249 MP: 25/30
 70197 | Vaults:4 | Paralysed by an air elemental for 1 turns
 70198 | Vaults:4 | Killed Sojobo
 70438 | Vaults:5 | Killed an ancient lich
 70892 | Vaults:5 | Found the ring of the Mage {Wiz Archmagi}
 70985 | Vaults:5 | Gained mutation: You are dopey. (Int -2) [a shining eye]
 71151 | Vaults:5 | Reached skill level 10 in Dodging
 71310 | Vaults:5 | Identified the +6 battleaxe of Bloody Death {venom, rElec
                  | Int+3}
 71311 | Vaults:5 | Identified the +0 ring mail of the Hidden Vale {Str+4
                  | Stlth+}
 71427 | Vaults:5 | Got a silver rune of Zot
 72074 | Vaults:5 | Identified the staff "Xoil" {rElec rPois rCorr Int+2 Dex+2
                  | Air}
 72193 | Vaults:5 | Lost mutation: You occasionally lose the ability to drink
                  | potions when taking damage. [potion of mutation]
 72193 | Vaults:5 | Lost mutation: Your magical capacity is low. (-10% MP)
                  | [potion of mutation]
 72194 | Vaults:5 | Lost mutation: You are weak. (Str -2) [potion of mutation]
 72194 | Vaults:5 | Lost mutation: Potions are less effective at restoring your
                  | health. [potion of mutation]
 72194 | Vaults:5 | Lost mutation: You are dopey. (Int -2) [potion of mutation]
 72194 | Vaults:5 | Gained mutation: Your flesh is heat resistant. (rF+)
                  | [potion of mutation]
 72194 | Vaults:5 | Gained mutation: Your spells are a little harder to cast,
                  | but a little more powerful. [potion of mutation]
 72256 | Crypt:1  | Entered Level 1 of the Crypt
 73734 | Crypt:2  | Noticed Bai Suzhen
 73749 | Crypt:2  | Killed Bai Suzhen
 73996 | Crypt:2  | Was forgiven by Beogh
 74439 | Crypt:2  | Found a runed door.
 74709 | Crypt:2  | Reached XP level 25. HP: 257/257 MP: 33/34
 74864 | Crypt:2  | Noticed an ancient lich
 74865 | Crypt:2  | Noticed an ancient lich
 74866 | Crypt:2  | Found the +9 staff of Olgreb {rPois∞}
 74877 | Crypt:2  | Killed an ancient lich
 74883 | Crypt:2  | Killed an ancient lich
 74903 | Crypt:2  | Identified the ring of Qeott {rC+ rN+ rCorr}
 74929 | Crypt:2  | Identified the staff of the Inferno {rCorr Dex+2 Earth}
 74932 | Crypt:2  | Identified the +2 troll leather armour "Naibibb" {rF+
                  | Regen+ Int+2}
 74946 | Crypt:2  | Acquired the +4 pair of boots of the Vanishing Dances {rF+
                  | Will+ Int+3}
 75237 | Crypt:3  | Entered Level 3 of the Crypt
 76288 | Crypt:3  | Found a staircase to the Tomb.
 76561 | Crypt:3  | Found a basalt altar of Yredelemnul.
 77350 | Crypt:3  | Gained mutation: You are dopey. (Int -2) [mutagenic glow]
 77712 | Zot:1    | Entered Level 1 of the Realm of Zot
 77728 | Zot:1    | Gained Wargath as an ally
 77950 | Orc:2    | Bought a potion of haste for 160 gold pieces
 77950 | Orc:2    | Bought a potion of haste for 160 gold pieces
 79087 | Zot:1    | Your ally Wargath died
 79276 | Zot:1    | Noticed Parghit
 79315 | Zot:1    | Killed Parghit
 79874 | Zot:1    | Found a transporter.
 79943 | Zot:1    | Found a transporter.
 79946 | Zot:1    | Found the +9 scales of the Dragon King {rPois rF+ rC+
                  | Will+}
 80253 | Zot:2    | Reached XP level 26. HP: 233/255 MP: 30/34
 80525 | Zot:2    | Gained Bogbrand as an ally
 80525 | Zot:2    | Gained Blodwig as an ally
 80525 | Zot:2    | Gained Bogric as an ally
 80532 | Zot:2    | Your ally Bogric died
 80535 | Zot:2    | Your ally Bogbrand died
 80849 | Zot:2    | Identified the +3 acid dragon scales of Hadjma {*Slow +Inv
                  | rC+ rN+ rCorr Str+3}
 81599 | Zot:3    | Identified the +8 flail of Fimawu Buoto {antimagic, Will+}
 81911 | Zot:4    | Gained Arbeogh as an ally
 81915 | Zot:4    | Your ally Arbeogh died
 81918 | Zot:4    | Gained Wargrak as an ally
 82053 | Zot:4    | Your ally Wargrak died
 82179 | Zot:4    | Gained Herok as an ally
 82211 | Zot:4    | Noticed a dread lich
 82227 | Zot:4    | Killed a dread lich
 82259 | Zot:4    | Your ally Herok died
 82607 | Zot:4    | Gained Wulfoc as an ally
 82921 | Zot:4    | Your ally Wulfoc died
 83193 | Zot:4    | Gained Murdo as an ally
 83193 | Zot:4    | Gained Bladwarg as an ally
 83488 | Zot:4    | Identified the staff of Excruciating Pain {Str-2 Dex+3 Fire
                  | Earth}
 83754 | Zot:4    | Identified the ring of Saodiff {rPois Str+3}
 84141 | Zot:5    | Entered Level 5 of the Realm of Zot
 84429 | Zot:5    | Noticed an orb of fire
 84654 | Zot:5    | Gained mutation: You are weak. (Str -2) [an orb of fire]
 84660 | Zot:5    | Gained mutation: Armour fits poorly on your strangely
                  | shaped body. [an orb of fire]
 84661 | Zot:5    | Killed an orb of fire
 84981 | Zot:5    | Reached skill level 27 in Armour
 85023 | Zot:5    | Reached XP level 27. HP: 273/273 MP: 34/34
 85141 | Zot:5    | Noticed a dread lich
 85143 | Zot:5    | Noticed a dread lich
 85149 | Zot:5    | Noticed an orb of fire
 85160 | Zot:5    | Killed a dread lich
 85160 | Zot:5    | Killed a dread lich
 85165 | Zot:5    | Gained mutation: You are very dopey. (Int -4) [an orb of
                  | fire]
 85168 | Zot:5    | Gained mutation: You are frail. (-10% HP) [an orb of fire]
 85181 | Zot:5    | Killed an orb of fire
 85201 | Zot:5    | Noticed an orb of fire
 85203 | Zot:5    | Noticed an orb of fire
 85216 | Zot:5    | Gained mutation: You are clumsy. (Dex -2) [an orb of fire]
 85780 | Zot:5    | Killed an orb of fire
 85783 | Zot:5    | Lost mutation: You are clumsy. (Dex -2) [an orb of fire]
 85789 | Zot:5    | Gained mutation: You are very weak. (Str -4) [an orb of
                  | fire]
 85795 | Zot:5    | Killed an orb of fire
 86126 | Zot:5    | Reached skill level 27 in Axes
 87402 | Zot:5    | Noticed an orb of fire
 87409 | Zot:5    | Noticed an orb of fire
 87423 | Zot:5    | Killed an orb of fire
 87445 | Zot:5    | Gained mutation: You occasionally lose the ability to read
                  | scrolls when taking damage. [an orb of fire]
 87450 | Zot:5    | Gained mutation: You sometimes lose the ability to read
                  | scrolls when taking damage. [an orb of fire]
 87450 | Zot:5    | Gained mutation: Your body sometimes deteriorates upon
                  | taking damage. [an orb of fire]
 87451 | Zot:5    | Killed an orb of fire
 87938 | Zot:5    | Noticed a dread lich
 87957 | Zot:5    | Killed a dread lich
 88013 | Zot:5    | Lost mutation: Your flesh is heat resistant. (rF+) [potion
                  | of mutation]
 88013 | Zot:5    | Lost mutation: You are very dopey. (Int -4) [potion of
                  | mutation]
 88013 | Zot:5    | Lost mutation: You are dopey. (Int -2) [potion of mutation]
 88013 | Zot:5    | Lost mutation: Your spells are a little harder to cast, but
                  | a little more powerful. [potion of mutation]
 88013 | Zot:5    | Gained mutation: Your system is resistant to poisons.
                  | (rPois) [potion of mutation]
 88014 | Zot:5    | Lost mutation: You are very weak. (Str -4) [potion of
                  | mutation]
 88014 | Zot:5    | Lost mutation: Your system is resistant to poisons. (rPois)
                  | [potion of mutation]
 88014 | Zot:5    | Gained mutation: You are occasionally teleported next to
                  | monsters. [potion of mutation]
 88014 | Zot:5    | Gained mutation: You are very weak. (Str -4) [potion of
                  | mutation]
 88014 | Zot:5    | Gained mutation: You are strong-willed. (Will+) [potion of
                  | mutation]
 88015 | Zot:5    | Lost mutation: You are very weak. (Str -4) [potion of
                  | mutation]
 88015 | Zot:5    | Lost mutation: Your body sometimes deteriorates upon taking
                  | damage. [potion of mutation]
 88015 | Zot:5    | Gained mutation: You possess an exceptional clarity of
                  | mind. [potion of mutation]
 88016 | Zot:5    | Lost mutation: You sometimes lose the ability to read
                  | scrolls when taking damage. [potion of mutation]
 88016 | Zot:5    | Lost mutation: You occasionally lose the ability to read
                  | scrolls when taking damage. [potion of mutation]
 88016 | Zot:5    | Gained mutation: You expend magic power (3 MP) to
                  | strengthen your wands. [potion of mutation]
 88017 | Zot:5    | Lost mutation: You are occasionally teleported next to
                  | monsters. [potion of mutation]
 88017 | Zot:5    | Lost mutation: You possess an exceptional clarity of mind.
                  | [potion of mutation]
 88017 | Zot:5    | Gained mutation: You are very frail. (-20% HP) [potion of
                  | mutation]
 88017 | Zot:5    | Gained mutation: You are covered in fur. (AC +1) [potion of
                  | mutation]
 88017 | Zot:5    | Gained mutation: You have a pair of small antennae on your
                  | head. [potion of mutation]
 88072 | Zot:5    | Got the Orb of Zot
 88102 | Zot:3    | Noticed Ukopij the pandemonium lord
 88112 | Zot:3    | Your ally Murdo died
 88114 | Zot:3    | Your ally Bladwarg died
 88695 | D:$      | Escaped with the Orb!

Illustrated notes

Levels and vault maps discovered:
D:1:      minmay_arrival_arboretum_small, layout_loops_ring, serial_shops, shop,
          minivault_23, grunt_decor_resistance
D:2:      minmay_angry_zag, layout_basic, ebering_ecumenical_altar_rust,
          uniq_crazy_yiuf_cottage, uniq_terence
D:3:      layout_rooms
D:4:      layout_loops_ring, gammafunk_temple_overflow_forgotten,
          guppyfry_shop_venom, uniq_ijyb, uniq_menkaure
D:5:      layout_basic, temple_green, nicolae_nh_ransacked_shop, uniq_edmund,
          uniq_grinder
D:6:      lemuel_ice_spiral_2, layout_basic, uniq_pikel
D:7:      layout_loops_ring
D:8:      layout_basic, riverfiend_overflow_shadow_ancestor, lair_entry_dummy,
          uniq_jeremiah
D:9:      layout_irregular_city
D:10:     layout_loops_corners, chequers_arboretum, nicolae_shop_unique_rings,
          kennysheep_generic_room_11, uniq_maggie
D:11:     layout_small_grid, orc_0_dummy, guppyfry_shop_earth, uniq_erica
D:12:     layout_basic
D:13:     layout_cave_pools, hellmonk_vaults_order_and_chaos, uniq_urug
D:14:     layout_basic, grunt_decor_fettered, minmay_increasing_density,
          uniq_kirke
D:15:     gammafunk_enter_depths_forms, layout_rooms, bloody_trog, st_stairs_4
Temple:   minmay_temple_bridge_d
Lair:1:   lemuel_slime, layout_loops_ring, roderic_batcave,
          chequers_serial_rivers_large_a
Lair:2:   layout_cave_pods, elwin_shoals_entry_rocks, serial_bayou_lagoon_a,
          grunt_megastairs_4, uniq_nergalle, uniq_sonja
Lair:3:   nzn_winding_woodlands_cross [nzn_winding_woodlands_5x15_sidewinder,
          nzn_winding_woodlands_5x15_parted, nzn_winding_woodlands_5x15_garden,
          nzn_winding_woodlands_5x15_longhouse,
          nzn_winding_woodlands_15x15_boxy_spiral], layout_small_grid,
          spider_nest_entry_webs, enter_volcano_4
Lair:4:   layout_hall_layers, slime_entry_1, evilmike_ambush
          [evilmike_ambush_outer_pillars, evilmike_ambush_inner_cross],
          lemuel_fruit_tree, uniq_rupert
Lair:5:   minmay_lair_end_enchanted_forest, layout_cave_pods, st_stairs_7,
          infiniplex_staircase_pool, grunt_megastairs_1
Shoals:1: layout_shoals, serial_shops, nicolae_lakefront_shop,
          nicolae_shoals_lost_giant_hut, lemuel_altar_in_water, uniq_louise,
          uniq_roxanne
Shoals:2: layout_shoals, uniq_ilsuiw
Shoals:3: layout_shoals, uniq_polyphemus, uniq_donald
Shoals:4: shoals_end_hellmonk_holy_island
Spider:1: layout_spider_delve
Spider:2: layout_spider_delve, nicolae_spider_webs_and_nodes
Spider:3: layout_spider_delve
Spider:4: guppyfry_spider_rune, nicolae_spider_moth_buddies
Slime:1:  layout_caves
Slime:2:  cheibrodos_slime_lost_civilization_1, layout_caves
Slime:3:  layout_caves
Slime:4:  layout_caves, nicolae_slime_barrier
Slime:5:  slime_pit_nicolae_inversion, uniq_dissolution
Orc:1:    layout_caves, nicolae_shop_overcharged_wands
Orc:2:    st_orc_ogre_mass, layout_caves, serial_shops, shop, uniq_saint_roka
Elf:1:    nicolae_elf_arrival_fired_up, layout_loops_corners,
          ebering_ghost_gozag, minmay_elf_sorcery, nicolae_danse_macabre
Elf:2:    nicolae_elf_blades_splatter_lattice
          [nicolae_blade_entry_diamond_columns], layout_gridlike, st_stairs_10,
          minivault_24, lemuel_elevator
Elf:3:    minmay_elf_hall_x, layout_geoelf_castle, serial_shops,
          nicolae_shop_behind_doors, minmay_elf_demonology
Vaults:1: nicolae_vaults_house_1, nicolae_vaults_closet_pinwheel_5,
          nicolae_vaults_puzzle_piece, nicolae_vaults_spaceships,
          nicolae_vaults_tetromino_Z_1, hangedman_vaults_restitches,
          nicolae_vaults_wine_cellar, layout_vaults_omnicross
Vaults:2: ploomutoo_gammafunk_ghost_potion_laboratory,
          ontoclasm_vaults_loading_screen, vaults_room_pool,
          hangedman_vaults_maws, vaults_room_pools, v_misc_31,
          nicolae_vaults_trapezoid_lopsided_4, hangedman_vaults_corner_blocks,
          nicolae_vaults_closet_pinwheel_6, hangedman_vaults_maws,
          nicolae_vaults_wrenched, grunt_vaults_diagonal,
          nicolae_vaults_trapezoid_lopsided_2, v_pattern_2, layout_vaults_ring
Vaults:3: nicolae_vaults_sightless_eye, nicolae_vaults_storage_room_statues,
          vaults_mumra_lcd, vaults_dpeg_encased_lava,
          minmay_crypt_entry_simple_sparse, ontoclasm_vaults_fault,
          vaults_mumra_hex, nicolae_vaults_twisting_passages,
          nicolae_vaults_apartment_1, vaults_room_stairs_pillars,
          layout_vaults_quadrants
Vaults:4: grunt_vaults_twisty, serial_ice_b, vaults_room_corners,
          dpeg_vaults_monster_row, nicolae_vaults_border_crossing,
          nicolae_vaults_two_Ls, layout_vaults_big_room
Vaults:5: uniq_sojobo
Crypt:1:  layout_chaotic_city, hex_large, grunt_crypt_arrival_guarded_gate,
          grunt_megastairs_3
Crypt:2:  evilmike_wizard_prison, layout_gridlike, uniq_bai_suzhen
Crypt:3:  church_of_pain_bobbens, layout_chaotic_city,
          nicolae_tomb_entry_rubble_hallway, minivault_27
Depths:1: layout_small_grid, minmay_strange_pillars, abyss_entry, hell_entry,
          nicolae_ru_awakened_eye, grunt_megastairs_2, serial_bayou_shore_a
Depths:2: kennysheep_bubbly, layout_basic, grunt_pan_entry_spiral,
          kennysheep_minor_cross, abyss_entry_glasseish, hell_entry, uniq_mara
Depths:3: minmay_open_boxes_in_corner, layout_cave_shapes, enter_ziggurat_a,
          rand_demon_pan_entry_7, abyss_entry, nicolae_sif_muna_condensation,
          pf_vacation_house_of_asmodeus, hangedman_decor_push, horrible_house_mu
Depths:4: grunt_crosshair, layout_cave_pools, minmay_misc_feat_ornament,
          lightli_too_deep, abyss_entry, serial_library_hellmonk_big_corner,
          small_chamber_with_monster, dk_noncrumbling_2, vehumet_crystals
Zot:1:    gammafunk_its_a_trap, layout_misc_corridors, uniq_parghit
Zot:2:    layout_gridlike, regret_index_zotdec_icy_dp, st_large_dragon_hoard_1
Zot:3:    layout_gridlike
Zot:4:    hangedman_zot_vaults_quadrants, layout_concentric_octagons,
          regret_index_zotdec_glowing_original, st_stairs_12,
          grunt_ministairs_10
Zot:5:    layout_misc_corridors, grunt_ministairs_14, nicolae_tricolors

Skill      XL: |  1  2  3  4  5  6  7  8  9 10 11 12 13 14 15 16 17 18 19 20 21 22 23 24 25 26 27 |
---------------+----------------------------------------------------------------------------------+-----
Axes           | 3 4 5 6 8 10 12 14 15 16 18 19 20 21 25 27 | 27.0
Fighting       | 4 5 6 7 8 9 11 14 16 18 20 21 22 24 26 27 | 27.0
Armour         | 4 5 6 8 9 11 12 14 15 16 17 18 19 20 21 23 24 25 26 27 | 27.0
Shields        | 4 5 6 7 8 9 10 12 13 15 18 21 22 | 22.6
Invocations    | 3 5 6 8 9 10 11 12 13 14 15 | 15.0
Dodging        | 2 3 4 5 6 7 8 9 10 11 12 14 | 14.7
Throwing       | |  0.4

Action                     |  1- 3 |  4- 6 |  7- 9 | 10-12 | 13-15 | 16-18 | 19-21 | 22-24 | 25-27 || total
---------------------------+-------+-------+-------+-------+-------+-------+-------+-------+-------++-------
  Melee: War axe           |    70 |   126 |   139 |   664 |  1008 |   108 |       |       |       ||  2115
         Broad axe         |       |       |       |       |       |   860 |   933 |  1729 |  1486 ||  5008
  Throw: Dart              |       |       |       |       |     5 |       |       |       |       ||     5
   Cast: Apportation       |       |       |       |       |       |       |       |     9 |       ||     9
 Invoke: Convert to Beogh  |       |       |     1 |       |       |       |       |       |       ||     1
         Smiting           |       |       |       |       |     4 |    14 |     7 |     2 |       ||    27
         Give Item to Name |       |       |       |       |     1 |     1 |       |     1 |     4 ||     7
         Recall Orcish Fol |       |       |       |       |     4 |    29 |    12 |     2 |     3 ||    50
         Resurrection      |       |       |       |       |       |     1 |       |     1 |     1 ||     3
  Evoke: Wand              |       |       |     2 |     9 |     6 |     4 |     2 |     1 |     1 ||    25
    Use: Scroll            |       |     8 |     1 |     9 |    14 |    13 |    11 |    20 |    19 ||    95
         Potion            |       |     2 |     3 |    11 |     3 |     7 |     3 |     6 |    15 ||    50
   Stab: Distracted        |       |       |       |       |     6 |     2 |     7 |     6 |     3 ||    24
         Confused          |       |       |       |       |     1 |       |       |       |     1 ||     2
 Armour: Scale mail        |    42 |   107 |       |       |       |       |       |       |       ||   149
         Chain mail        |       |    45 |   158 |   131 |       |       |       |       |       ||   334
         Plate armour      |       |       |       |   472 |   934 |  1007 |   180 |       |       ||  2593
         Crystal plate arm |       |       |       |       |       |       |   571 |   137 |       ||   708
         Gold dragon scale |       |       |       |       |       |       |       |  1299 |  1193 ||  2492
  Dodge: Dodged            |    34 |    64 |   104 |   190 |   298 |   210 |   174 |   414 |   377 ||  1865
  Block: Buckler           |     8 |    33 |    46 |   128 |   197 |     9 |       |       |       ||   421
         Tower shield      |       |       |       |       |       |   731 |   578 |  1386 |  1484 ||  4179
         Reflection        |       |       |       |       |       |       |       |    21 |    15 ||    36

Table legend: (Time is in decaauts)
 A = Elapsed time spent in this place.
 B = Non-inter-level travel time spent in this place.
 C = Inter-level travel time spent in this place.
 D = Time resting spent in this place.
 E = Time spent auto-exploring this place.
 F = Levels seen in this place.
 G = Mean time per level.
                   A        B        C        D        E       F      G
               +--------+--------+--------+--------+--------+-----+--------+
         Total |  89636 |  79556 |  10080 |  20545 |  33512 |  57 | 1572.6 |
       Dungeon |  19775 |  15997 |   3778 |   2511 |   9517 |  15 | 1318.3 |
        Temple |    153 |     24 |    129 |      0 |      0 |   1 |  153.0 |
          Lair |  10480 |   9349 |   1131 |   2338 |   5233 |   5 | 2096.0 |
        Shoals |  10493 |  10146 |    347 |   4574 |   2209 |   4 | 2623.2 |
   Spider Nest |   4921 |   4720 |    201 |   1691 |    957 |   4 | 1230.2 |
    Slime Pits |   3852 |   3558 |    294 |    291 |   1505 |   5 |  770.4 |
  Orcish Mines |   1928 |   1620 |    308 |    632 |    585 |   2 |  964.0 |
   Elven Halls |   6887 |   5850 |   1037 |   1186 |   2673 |   3 | 2295.7 |
        Vaults |  11287 |   9841 |   1446 |   2079 |   4707 |   5 | 2257.4 |
         Crypt |   5149 |   4957 |    192 |    917 |   2139 |   3 | 1716.3 |
        Depths |   5831 |   5384 |    447 |   1452 |   1808 |   4 | 1457.8 |
           Zot |   8873 |   8106 |    767 |   2871 |   2177 |   5 | 1774.6 |
       Volcano |      2 |      2 |      0 |      0 |      0 |   1 |    2.0 |
               +--------+--------+--------+--------+--------+-----+--------+

Top non-repeatable levels by time:
Shoals:3: 4314 daAuts
   Zot:5: 3075 daAuts
   Elf:3: 2921 daAuts
   Zot:4: 2814 daAuts
  Lair:1: 2805 daAuts
Vaults:1: 2695 daAuts
  Lair:3: 2650 daAuts
Vaults:2: 2499 daAuts
Spider:4: 2428 daAuts
Shoals:4: 2370 daAuts
Vaults:3: 2324 daAuts
Shoals:1: 2174 daAuts
  Lair:5: 2138 daAuts
Vaults:5: 2083 daAuts
   Elf:1: 2064 daAuts
